Map: 环轨星港

Players

shengy - Winner!

  • Race: Zerg Zerg
  • League: Platinum

Mag

  • Race: Terran Terran
  • League: Platinum

VOD

Have the link to the VOD?

Description

Time

  • Played on: Dec. 23, 2015, 5:19 p.m.
  • Length: 14:37
Show
View Real Time Build Order
Export as new Build Order

shengy Zerg - Winner!

Build Orders: Hatch First, Muta Ling Bane 

Get SALT Encoding   

  12  0:01  Drone  
  13  0:08  Drone  
  14  0:17  Overlord  
  14  0:35  Drone x3  
  17  0:46  Drone  
  18  0:56  Hatchery  
  17  0:59  Drone  
  18  1:08  Extractor, Drone  
  18  1:19  Spawning Pool  
  18  1:21  Drone  
  18  1:31  Drone  
  19  1:45  Overlord  
  19  1:50  Drone  
  20  2:07  Queen  
  22  2:09  Metabolic Boost  
  22  2:15  Zergling x4  
  24  2:16  Spine Crawler  
  24  2:20  Queen  
  24  2:22  Zergling x2  
  26  2:25  Drone  
  27  2:36  Drone x3  
  30  2:47  Queen  
  32  2:57  Drone x2  
  34  3:00  Queen  
  34  3:02  Overlord  
  36  3:49  Drone x5  
  36  3:50  Drone x3  
  36  3:52  Overlord x3  
  44  3:57  Extractor  
  44  3:58  Extractor  
  41  4:12  Drone x3  
  41  4:13  Drone x2  
  46  4:21  Lair  
  46  4:25  Drone x2  
  46  4:28  Drone x3  
  51  4:33  Roach Warren  
  51  4:35  Evolution Chamber  
  51  4:36  Drone  
  51  4:37  Evolution Chamber, Drone  
  50  4:39  Drone  
  50  4:42  Drone  
  52  4:55  Drone  
  52  4:56  Drone x2  
  52  4:57  Extractor  
  52  4:58  Baneling Nest  
  53  5:04  Zerg Ground Armor Level 1  
  53  5:07  Zerg Melee Weapons Level 1  
  53  5:09  Hatchery  
  53  5:10  Overlord  
  52  5:26  Overlord x2  
  52  5:40  Drone x2  
  52  5:41  Drone x2  
  56  5:44  Overlord  
  56  5:45  Zergling x8  
  56  5:46  Zergling x2  
  61  5:50  Spire  
  60  5:57  Overlord  
  60  6:00  Hatchery, Zergling x2  
  60  6:08  Baneling x5  
  60  6:09  Baneling  
  60  6:11  Zergling x2  
  60  6:12  Zergling x6  
  60  6:13  Zergling x2  
  65  6:21  Spore Crawler  
  64  6:32  Queen  
  66  6:38  Drone  
  66  6:39  Drone  
  68  6:40  Zergling x10  
  68  6:44  Centrifical Hooks  
  73  6:51  Drone  
  73  6:52  Extractor  
  73  7:05  Mutalisk x5  
  73  7:06  Mutalisk x2  
  87  7:08  Overlord  
  87  7:14  Zerg Melee Weapons Level 2  
  87  7:24  Zerg Ground Armor Level 2  
  87  7:38  Zergling x8  
  87  7:39  Zergling x12  
  87  7:41  Infestation Pit  
  96  7:52  Drone x4  
  96  7:53  Drone x2  
  96  7:54  Drone x3  
  96  7:58  Overlord  
  105  8:07  Drone x4  
  109  8:29  Zergling x8  
  109  8:30  Zergling x16  
  109  8:31  Zergling x4  
  123  8:36  Hive  
  123  8:39  Pathogen Glands  
  123  8:40  Overlord  
  123  8:55  Drone x4  
  127  8:56  Extractor, Drone  
  127  9:00  Hatchery  
  127  9:01  Extractor  
  125  9:03  Baneling x6, Extractor  
  125  9:04  Baneling x7  
  125  9:08  Overlord  
  124  9:14  Baneling x3  
  124  9:42  Infestor x3  
  124  9:43  Infestor x3  
  136  9:48  Overlord x2  
  136  10:08  Adrenal Glands  
  136  10:14  Queen x2  
  139  10:36  Zerg Melee Weapons Level 3, Zerg Ground Armor Level 3  
  139  10:37  Ultralisk Cavern  
  139  10:38  Overlord x2  
  139  10:40  Zergling x10  
  139  10:41  Infestor, Zergling x14  
  139  10:42  Zergling x10  
  157  10:43  Zergling x2  
  158  10:51  Burrow  
  158  10:53  Overseer x2  
  158  10:58  Drone x3  
  158  10:59  Drone x2  
  158  11:00  Drone  
  158  11:01  Drone  
  158  11:02  Drone  
  166  11:25  Queen  
  128  12:05  Ultralisk x2  
  128  12:06  Ultralisk x4  
  163  12:21  Hatchery  
  162  12:25  Hatchery  
  161  12:38  Drone  
  161  12:42  Zergling x12, Ultralisk  
  161  12:43  Zergling x16  
  182  12:45  Overlord x2  
  182  12:52  Hatchery  
  181  13:00  Baneling x7  
  181  13:01  Baneling  
  153  13:29  Zergling x6  
  153  13:30  Zergling x16  
  153  13:31  Zergling x22  
  153  13:32  Zergling x18  
  178  13:47  Queen  
  180  13:56  Drone x3  
  180  13:59  Drone x3  
  181  14:31  Extractor  
  181  14:33  Hatchery  
  181  14:35  Extractor  
Show
View Real Time Build Order
Export as new Build Order

Mag Terran 

Build Orders: Reaper Expand, Bio Mine 

Get SALT Encoding   

  12  0:01  SCV  
  13  0:13  SCV  
  14  0:25  SCV  
  15  0:30  Supply Depot  
  15  0:52  SCV  
  15  0:54  Barracks  
  15  0:56  Barracks  
  16  1:00  Refinery  
  16  1:04  SCV  
  17  1:16  SCV  
  18  1:28  SCV  
  19  1:37  Command Center  
  19  1:42  Orbital Command  
  19  1:47  Reaper  
  20  1:55  Supply Depot  
  20  2:08  SCV  
  21  2:19  Marine  
  21  2:20  SCV  
  21  2:22  Bunker  
  23  2:30  Supply Depot  
  23  2:32  SCV  
  24  2:42  Marine  
  25  2:44  SCV  
  25  2:50  Barracks  
  25  3:02  SCV  
  26  3:09  Factory, Barracks  
  26  3:10  Orbital Command  
  26  3:14  SCV  
  26  3:17  Barracks Reactor  
  27  3:27  SCV  
  27  3:42  SCV x2  
  27  3:43  Barracks Tech Lab  
  29  3:49  Refinery  
  29  3:54  SCV x2  
  31  3:59  Barracks Reactor  
  31  4:04  Command Center  
  31  4:07  Starport  
  31  4:09  Factory Reactor  
  31  4:15  Marine x2  
  31  4:16  SCV  
  34  4:18  SCV  
  35  4:28  SCV  
  35  4:30  SCV  
  37  4:36  Engineering Bay  
  37  4:38  Engineering Bay  
  37  4:41  SCV  
  37  4:42  SCV  
  37  4:44  Marine  
  37  4:45  Marine x3  
  43  4:53  SCV  
  43  4:56  Marine  
  43  4:57  Supply Depot  
  43  4:58  Stimpack  
  45  5:00  Factory Reactor  
  45  5:03  Medivac  
  45  5:05  SCV  
  45  5:06  SCV  
  49  5:10  Refinery  
  49  5:17  SCV  
  49  5:18  SCV  
  49  5:19  Orbital Command  
  51  5:22  Barracks  
  51  5:26  Barracks  
  51  5:29  SCV  
  51  5:30  SCV  
  51  5:34  Refinery  
  53  5:35  Marine  
  53  5:36  Marine  
  53  5:39  Widow Mine  
  53  5:41  SCV, Widow Mine  
  60  5:43  SCV, Marine  
  60  5:44  Marine  
  60  5:48  Medivac  
  65  5:53  Supply Depot  
  65  5:54  SCV  
  66  5:58  SCV  
  66  5:59  SCV  
  66  6:00  Marine  
  66  6:01  Orbital Command  
  66  6:02  Marine  
  70  6:06  SCV  
  70  6:10  SCV  
  72  6:13  Marine  
  72  6:14  Marine x2  
  72  6:18  Marine  
  76  6:20  Marine  
  77  6:31  Barracks Reactor  
  77  6:32  Barracks Reactor  
  77  6:33  Marine x2  
  77  6:34  Marine  
  80  6:41  Marine  
  80  6:42  Marine  
  82  6:47  SCV  
  82  6:51  Marine x2  
  85  6:56  Command Center  
  85  6:58  SCV x2  
  85  6:59  SCV, Terran Infantry Armor Level 1, Terran Infantry Weapons Level 1  
  88  7:01  Armory  
  88  7:02  Missile Turret  
  88  7:04  Missile Turret  
  88  7:09  Barracks  
  88  7:10  SCV x2  
  88  7:12  Factory  
  88  7:13  Barracks  
  90  7:19  SCV  
  91  7:23  SCV  
  91  7:26  Supply Depot, SCV  
  91  7:27  Marine x2  
  91  7:28  Marine x3  
  98  7:31  SCV  
  98  7:35  SCV  
  100  7:38  Combat Shields, SCV  
  101  7:47  Widow Mine  
  101  7:48  SCV x2, Medivac, Marine  
  101  7:50  SCV  
  109  7:59  Supply Depot  
  109  8:00  Supply Depot, SCV x2  
  109  8:01  Supply Depot  
  109  8:02  SCV  
  109  8:03  Supply Depot  
  112  8:12  SCV, Barracks Reactor  
  111  8:13  Barracks Tech Lab  
  111  8:24  Missile Turret  
  111  8:26  Missile Turret x3  
  110  8:31  Missile Turret  
  110  8:34  Factory Tech Lab, Missile Turret  
  110  8:35  Missile Turret, Marine x4  
  110  8:36  Marine x4  
  110  8:37  Barracks Tech Lab  
  110  8:39  Marauder x2  
  122  8:49  Missile Turret  
  122  8:51  Missile Turret  
  122  8:53  Refinery  
  122  8:54  Refinery  
  122  8:56  SCV  
  122  8:57  Missile Turret, SCV, Marine x4  
  122  8:58  Marine x5  
  122  8:59  Marine  
  134  9:05  SCV  
  134  9:08  SCV  
  136  9:11  Marine  
  136  9:13  Widow Mine x3  
  136  9:15  Marine  
  136  9:17  Drilling Claws  
  144  9:27  Medivac x2  
  148  9:36  Marine x4  
  148  9:37  Marine x2  
  154  9:42  Widow Mine  
  156  9:46  SCV x2  
  158  9:54  Terran Infantry Weapons Level 2, Terran Infantry Armor Level 2  
  158  10:06  Marine x3  
  158  10:07  Marine x3  
  164  10:17  Marine x2  
  164  10:28  Widow Mine  
  164  10:29  Marine x4  
  164  10:41  Terran Vehicle And Ship Armor Level 1  
  164  11:02  Medivac x2, Marine x4  
  164  11:04  SCV x3, Marine x7  
  172  11:06  Supply Depot x2  
  172  11:07  Supply Depot  
  182  11:16  Widow Mine x2  
  182  11:18  Thor  
  192  11:20  Marine x4  
  192  11:21  SCV x3  
  192  11:22  Marine  
  134  12:02  Marine x2  
  134  12:03  Marine x8  
  134  12:07  Marine  
  145  12:09  Siege Tank  
  145  12:10  Medivac x2  
  145  12:12  SCV x3  
  145  12:13  Command Center  
  145  12:14  Widow Mine x2  
  156  12:20  Marine x2  
  156  12:21  Marine x4  
  162  12:27  SCV x2, Barracks, Marine x3  
  167  12:36  Marine  
  167  12:37  Marine  
  168  12:38  Marine x2, Command Center  
  168  12:39  SCV  
  168  12:40  Marine x3  
  168  12:41  Siege Tank  
  168  12:43  Marine  
  179  12:45  Marine  
  180  12:55  Marine x2  
  137  13:33  Marine x2  
  137  13:34  Marine x9  
  105  13:51  Marine x3  
  105  13:52  Widow Mine x3, Marine x8  
  105  13:53  Medivac x2  
  124  14:03  SCV x3  
  124  14:09  Marine x3  
  130  14:10  Marine x7  
  130  14:11  Command Center x2  
  130  14:13  Marine  
  130  14:15  SCV  
Tags
 
Add a new tag
Caveats
  • Supply blocks, unpowered buildings, or Contaminate may cause inaccurate times.
  • Supply counts are checked every 10 seconds.